 Dungeon Crawl Stone Soup version bcrawl-1.37.2 (webtiles) character file.

Game seed: 11774432402887489959

536891 Morbidden the Slicer (level 15, -20/121 HPs)
             Began as a Demigod Archaeologist on Nov 28, 2022.
             Demolished by an ettin
             ... wielding a +0 great mace
              (34 damage)
             ... in the Orcish Mines.
             The game lasted 00:36:21 (19787 turns).

Morbidden the Slicer (Demigod Archaeologist)       Turns: 19787, Time: 00:36:22

Health: -20/121    AC: 16    Str: 17    XL:     15   Next: 15%
Magic:  28/28      EV: 13    Int: 26    God:    Demigod [******]
Gold:   2247       SH:  6    Dex: 15    Spells: 7/26 levels left

rFire    + . .     GDR:     33% a - +16 sapphire dagger {flash freeze, rF- rC++ MR+}
rCold    + . .     SeeInvis .   i - +0 buckler
rNeg     . . .     Gourm    +   s - +0 fire dragon scales
rPois    .         Faith    .   k - +0 helmet
rElec    .         Spirit   .   D - +2 cloak
rCorr    .         Reflect  .   B - +1 pair of gloves of Boredom {Stlth+}
MR       ++...                  j - +1 pair of boots
Stlth    +++++.....             y - amulet of the gourmand
HPRegen  0.30/turn              M - +3 ring of slaying
MPRegen  0.21/turn              N - ring of wizardry

@: studying Short Blades
A: camouflage 1, deformed body, high mp 1
a: Temporal Distortion, Growth, Major Destruction, Heroism, Divine Shield,
Smiting


You were in the Orcish Mines.
You worshipped Demigod.
Demigod was exalted by your worship.
You were very hungry.

You visited 3 branches of the dungeon, and saw 19 of its levels.
You also visited: Bailey.

You collected 4047 gold pieces.
You spent 1800 gold pieces at shops.

Inventory:

Hand Weapons
 a - the +16 sapphire dagger (weapon) {flash freeze, rF- rC++ MR+}
   (You acquired it on level 2 of the Dungeon)

   It has been specially enchanted to freeze those struck by it, increasing
   damage dealt by approximately one third against foes not resistant or
   susceptible to cold, and potentially slowing cold-blooded foes.
   It makes you vulnerable to fire.
   It greatly protects you from cold.
   It affects your resistance to hostile enchantments.
 b - a +2 scimitar of flaming
 S - a +0 blowgun
Missiles
 f - 4 curare-tipped needles
 n - 1451 poisoned tomahawks (quivered)
 p - 122 poisoned needles
 I - 172 tomahawks of dispersal {=f}
 O - 2 throwing nets {=f}
Armour
 i - a +0 buckler (worn)
 j - a +1 pair of boots (worn)
 k - a +0 helmet (worn)
 s - +0 fire dragon scales (worn)
 B - the +1 pair of gloves of Boredom (worn) {Stlth+}
   (You bought it in a shop on level 5 of the Dungeon)

   It makes you more stealthy.
 D - a +2 cloak (worn)
 P - a cursed +0 medium shield
 W - the +1 chain mail of the Depths {rElec Dex+2}
   (You found it on level 3 of the Lair of Beasts)

   It affects your dexterity (+2).
   It insulates you from electricity.
Jewellery
 d - an uncursed ring of insulation
 q - an uncursed ring of resist corrosion
 t - an uncursed ring of magical power
 y - an amulet of the gourmand (around neck)
 L - the cursed ring "Goceufui" {+Fly Int+2}
   (You found it on level 7 of the Dungeon)

   [ring of flight]

   It affects your intelligence (+2).
   It lets you fly.
   It has a curse placed upon it.
 M - a +3 ring of slaying (left hand)
 N - a ring of wizardry (right hand)
Wands
 h - a wand of charming (6)
 m - a wand of iceblast (16)
 o - a wand of flame (41)
 w - a wand of polymorph (19)
 G - a wand of acid (9)
 H - a wand of paralysis (15)
 K - a wand of disintegration (6)
 Z - a wand of clouds (5)
Scrolls
 c - 4 scrolls of noise
 g - 5 scrolls of magic mapping
 l - 10 scrolls of teleportation
 v - 3 scrolls of enchant weapon {unknown}
 x - 3 scrolls of fear {unknown}
 A - 2 scrolls of blinking
 C - 4 scrolls of amnesia
 Q - 6 scrolls of remove curse
 R - 2 scrolls of immolation
 V - a scroll of summoning {unknown}
Potions
 r - 4 potions of cancellation
 u - 3 potions of brilliance
 z - a potion of mutation
 E - 3 potions of flight
 F - 4 potions of curing
 J - 2 potions of heal wounds
 Y - 4 potions of agility
Miscellaneous
 T - a phial of floods
 U - a lightning rod (4/4)
 X - a lamp of fire (inert)
Comestibles
 e - 40 rations {!d}


   Skills:
 * Level 7.7 Fighting
 * Level 10.3(10.9) Short Blades
 * Level 5.3(8.6) Long Blades
   Level 0.8 Maces & Flails
 * Level 5.9 Throwing
 * Level 8.3 Armour
 * Level 8.5 Dodging
 * Level 9.3 Stealth
 * Level 5.7 Shields
 * Level 6.3 Spellcasting
 * Level 3.9 Conjurations
 * Level 4.6 Hexes
 * Level 4.4 Transmutations
 * Level 2.7 Air Magic
 + Level 3.4 Earth Magic
 + Level 2.4 Poison Magic
 * Level 9.5 Invocations


You had 7 spell levels left.
You knew the following spells:

 Your Spells              Type           Power        Failure   Level  Hunger
a - Tree Form             Hex/Tmut       N/A          26%         4    ####...
b - Statue Form           Tmut/Erth      ####.....    99%         6    #######
c - Venom Bolt            Conj/Pois      ###.......   75%         5    #####..
d - Airstrike             Air            ###.......   45%         4    ####...

Your spell library contained the following spells:

 Spells                   Type           Power        Failure   Level  Hunger
 Corona                   Hex            ####...      2%          1    None
 Sting                    Conj/Pois      ###.         4%          1    None
 Shackle                  Hex            ####....     4%          2    None
 Static Discharge         Air            ###...       6%          1    None
 Shock                    Conj/Air       ####...      7%          2    None
 Poisonous Vapours        Pois/Air       ###...       9%          2    None
 Ensorcelled Hibernation  Hex/Ice        ###...       11%         2    None
 Spider Form              Tmut/Pois      ###          13%         3    #......
 Swiftness                Chrm/Air       ###.....     16%         2    None
 Mephitic Cloud           Conj/Pois/Air  ###.....     16%         3    #......
 False Image              Hex/Summ       ###.....     21%         3    #......
 Ignite Poison            Fire/Tmut/Pois ###.....     21%         3    #......
 Inner Flame              Hex/Fire       N/A          21%         3    #......
 Cause Fear               Hex            ####......   26%         4    ####...
 Yara's Violent Unravell  Hex/Tmut       ####......   26%         4    ####...
 Fulminant Prism          Conj/Hex       ####......   28%         4    ####...
 Lightning Bolt           Conj/Air       ####....     41%         4    ####...
 Olgreb's Toxic Radiance  Pois           ###......    52%         4    ####...
 Summon Scorpions         Summ/Pois      ##......     69%         4    ####...
 Silence                  Hex/Air        ####......   69%         5    #####..
 Darkness                 Hex            ####......   98%         6    #######
 Conjure Ball Lightning   Conj/Air       ####......   99%         6    #######
 Infestation              Hex/Tmut/Pois  ####.....    99%         6    #######
 Borgnjor's Vile Clutch   Necr/Erth      ###.......   100%        6    #######
 Deflect Missiles         Chrm/Air       ###.......   100%        6    #######
 Dragon Form              Tmut           ####...      100%        7    #######
 Orb of Destruction       Conj           ####......   100%        7    #######
 Shadow Creatures         Summ           N/A          100%        7    #######
 Spellforged Servitor     Conj/Summ      ###.......   100%        7    #######
 Necromutation            Tmut/Necr      ###.....     100%        8    #######
 Time Stop                Chrm/Tloc      N/A          100%        8    #######
 Tornado                  Tloc/Air       ###.......   100%        8    #######


Dungeon Overview and Level Annotations

Branches:
Dungeon (12/12)            Temple (0/1) D:6            Lair (6/6) D:9
 Shoals (0/3) Lair:3        Snake (0/3) Lair:3        Slime (0/5) Lair:6
    Orc (1/1) D:11            Elf (0/3) Orc          Vaults (0/3) D:12
 Depths (0/5) D:12

Shops:
D:5 [   D:7 [   D:8 ?   D:9 :   D:10 :   D:12 *

Annotations:
D:8 3 runed translucent doors, Morbidden's ghost, novice FrFE
Lair:2 1 runed translucent door, yrara's ghost, journeyman DsFi
Lair:5 3 runed translucent doors, Turtleman12345's ghost, journeyman FrAE


Innate Abilities, Weirdness & Mutations

You have an increased reservoir of magic. (+10% MP)
Your skin changes colour to match your surroundings (Stealth+).
Armour fits poorly on your strangely shaped body.


Message History

An orc high priest comes into view.
It is wielding a +0 war axe of chopping.
The orc priest looks more poisoned.
No path to travel!
No path to travel!
No path to travel!
You barely miss the ettin.
The ettin is moderately wounded.
The orc knight is engulfed in poison gas.
The orc knight is poisoned.
The orc knight roars a battlecry!
The orc high priest goes into a battle-frenzy!
The orc is engulfed in blazing flames.
You kill the orc!
Your kill strengthens your divinity.
The ettin is engulfed in blazing flames.
The ettin hits you with a +0 great mace!!!
* * * LOW HITPOINT WARNING * * *
The ettin hits you with a +0 dire flail!!
You die...
Your divinity fades.

............#$#.#...............,
.......>.....)..................,
....................#...........,
...........)...)...###$#.......#,
.<....$..))....#######.#........,
..........).....#####.).........,
...........##..##.##○☼..........,
....#.#.########..○○o.○○........,
)).....##** #@Co§o.......$...,
........#,** ##.o§Oo..........,
..........,* ###.oo..........,
..........#*** ###o..........,
.........##*,** ##oo........,
..........,,,,* *...........,
...........,,** ##..........,
,,,,,,,,,*,,** *#.o........,
,,,,,*,,,,,,,* **...#......,,


You could see an orc knight, an ettin, an orc high priest, 3 orc warriors, an
ogre, an orc priest and 4 orcs.

Vanquished Creatures
  Rupert (Lair:4)
  Jorgrun (D:12)
  A fire giant (D:12)
  2 fire dragons
  Josephine (Lair:5)
  4 vault guards (D:12)
  7 hydras
  Psyche (D:10)
  An anaconda (Lair:5)
  Erica (D:8)
  A queen ant (Lair:5)
  2 two-headed ogres (D:9)
  A tengu warrior (D:12)
  6 death yaks (Lair:4)
  A swamp dragon (Lair:6)
  A wolf spider zombie (D:10)
  A cyclops (D:11)
  An orc knight (D:12)
  An ugly thing (D:10)
  An orc sorcerer (D:12)
  16 elephants
  5 black mambas
  13 cane toads
  A gargoyle (D:12)
  5 rime drakes
  6 komodo dragons
  A yaktaur (D:12)
  An eye of draining (shapeshifter) (D:12)
  A dryad (D:9)
  3 tengu conjurers
  10 polar bears
  A troll (D:11)
  3 harpy skeletons
  A snapping turtle (Lair:3)
  A meliai zombie (D:10)
  12 dream sheep
  22 blink frogs
  6 hippogriffs
  Sigmund (D:2)
  Grum (D:8)
  2 spriggans (Lair:2)
  37 yaks
  6 wraiths
  A wyvern (Lair:6)
  3 steam dragons
  Eustachio (D:4)
  5 basilisks
  2 hungry ghosts
  4 vampire mosquitoes (D:12)
  3 nagas (Lair:3)
  6 wargs (Lair:6)
  An acid dragon (Lair:6)
  13 crocodiles
  9 porcupines
  8 water moccasins
  15 hell hounds (Lair:6)
  15 orc warriors
  5 soldier ants (Lair:5)
  A swamp drake (Lair:6)
  15 black bears
  3 ice beasts
  3 phantoms
  4 sky beasts
  19 wolves
  8 ogres
  13 bullfrogs
  2 kobold brigands
  A wyvern zombie (D:9)
  A water moccasin zombie (D:5)
  A wyvern skeleton (D:9)
  5 centaurs
  2 scorpions
  A water moccasin skeleton (D:10)
  3 killer bees (D:9)
  A statue (D:9)
  9 wights
  An electric eel (Lair:1)
  4 orc priests
  8 crimson imps
  3 howler monkeys
  A lava snake (Lair:2)
  A bullfrog zombie (D:5)
  5 jellies
  3 hounds
  Crazy Yiuf (D:4)
  2 bullfrog skeletons
  Ijyb (D:4)
  Terence (D:2)
  8 iguanas
  11 worker ants
  13 orc wizards
  A hound zombie (D:9)
  Robin (D:2)
  2 worker ant zombies
  10 adders
  14 gnolls
  A gnoll zombie (D:6)
  An orc zombie (D:6)
  2 shadow imps
  9 oozes
  2 adder zombies
  3 worms
  A dart slug (D:4)
  4 leopard geckos
  58 orcs
  2 giant cockroaches
  23 goblins
  9 hobgoblins
  37 kobolds
  A quokka (D:2)
  A ball python (D:3)
  3 bats
  5 frilled lizards
  2 goblin skeletons (D:4)
  A goblin zombie (D:4)
  3 hobgoblin zombies (D:4)
  A kobold skeleton (D:4)
  2 kobold zombies (D:4)
  A quokka zombie (D:5)
  4 rats
641 creatures vanquished.

Vanquished Creatures (others)
  An iguana (D:8)
  A butterfly (D:3)
  16 fungi
  29 plants
  7 toadstools (D:3)
54 creatures vanquished.

Grand Total: 695 creatures vanquished

Notes
Turn   | Place    | Note
-------+----------+-------------------------------------------
     0 | D:1      | Morbidden the Demigod Archaeologist began the quest for the
                  | Orb.
     0 | D:1      | Reached XP level 1. HP: 15/15 MP: 3/3
   160 | D:1      | Reached skill level 1 in Fighting
   188 | D:1      | Reached XP level 2. HP: 9/23 MP: 4/4
   441 | D:1      | Reached skill level 1 in Invocations
   552 | D:1      | Reached XP level 3. HP: 26/28 MP: 6/6
  1140 | D:2      | Reached skill level 1 in Short Blades
  1142 | D:2      | Noticed Robin
  1147 | D:2      | Reached * piety under Demigod
  1168 | D:2      | Killed Robin
  1277 | D:2      | Reached XP level 4. HP: 34/35 MP: 7/7
  1399 | D:2      | Noticed Sigmund
  1605 | D:2      | Killed Sigmund
  1606 | D:2      | Reached skill level 2 in Short Blades
  1606 | D:2      | Reached skill level 1 in Armour
  1606 | D:2      | Reached skill level 1 in Spellcasting
  1606 | D:2      | Reached XP level 5. HP: 33/40 MP: 7/9
  1606 | D:2      | Identified a scroll of acquirement
  1606 | D:2      | Identified the ring "Buowk" {*Drain rPois rC+ Int+3 Slay+4}
                  | (You acquired it on level 2 of the Dungeon)
  1607 | D:2      | Found the +16 sapphire dagger {flash freeze, rF- rC++ MR+}
  1681 | D:2      | Noticed Terence
  1685 | D:2      | Killed Terence
  1686 | D:2      | Reached XP level 6. HP: 47/47 MP: 10/10
  2170 | D:3      | Reached ** piety under Demigod
  2176 | D:3      | Reached skill level 1 in Throwing
  2343 | D:3      | Reached skill level 3 in Short Blades
  2458 | D:3      | Found a white marble altar of Elyvilon.
  2743 | D:3      | Reached XP level 7. HP: 55/55 MP: 12/12
  2958 | D:4      | Found a blossoming altar of Fedhas.
  2995 | D:4      | Noticed Ijyb
  2997 | D:4      | Noticed Eustachio
  3000 | D:4      | Found an iron altar of Okawaru.
  3006 | D:4      | Killed Ijyb
  3006 | D:4      | Reached *** piety under Demigod
  3020 | D:4      | Killed Eustachio
  3131 | D:4      | Found an ornate altar of the Wu Jian Council.
  3131 | D:4      | Found a radiant altar of Vehumet.
  3133 | D:4      | Found a basalt altar of Yredelemnul.
  3133 | D:4      | Found a hazy altar of Hepliaklqana.
  3320 | D:4      | Reached skill level 4 in Short Blades
  3507 | D:4      | Found a glowing golden altar of the Shining One.
  3513 | D:4      | Reached XP level 8. HP: 62/62 MP: 14/14
  3526 | D:4      | Got a bloodstained leather armour
  3527 | D:4      | Identified the +2 leather armour of Gehenna {Dex+3} (You
                  | found it on level 4 of the Dungeon)
  3585 | D:4      | Found a snail-covered altar of Cheibriados.
  3735 | D:4      | Found a runed door.
  3739 | D:4      | Noticed Crazy Yiuf
  3743 | D:4      | Killed Crazy Yiuf
  3777 | D:5      | Entered Level 5 of the Dungeon
  3780 | D:5      | Found a sparkling altar of Nemelex Xobeh.
  3817 | D:5      | Found Folopaobb's Antique Armour Shoppe.
  3820 | D:5      | Bought a pair of twisted gloves for 180 gold pieces
  3825 | D:5      | Identified the +1 pair of gloves of Boredom {Stlth+} (You
                  | bought it in a shop on level 5 of the Dungeon)
  4083 | D:5      | Reached skill level 5 in Short Blades
  4083 | D:5      | Reached skill level 5 in Stealth
  4177 | D:5      | Found a shadowy altar of Dithmenos.
  4398 | D:6      | Found a transporter.
  4407 | D:6      | Reached skill level 5 in Dodging
  4418 | D:6      | Reached **** piety under Demigod
  4504 | D:6      | Reached XP level 9. HP: 70/70 MP: 16/16
  4552 | D:6      | Found a blossoming altar of Fedhas.
  4611 | D:6      | Found a staircase to the Ecumenical Temple.
  4654 | D:6      | Found a transporter.
  5209 | D:7      | Got a coiled granite ring
  5240 | D:7      | Identified the cursed ring "Goceufui" {+Fly Int+2} (You
                  | found it on level 7 of the Dungeon)
  5258 | D:7      | Reached skill level 6 in Short Blades
  5326 | D:7      | Reached skill level 5 in Invocations
  5538 | D:7      | Found Raug's Armour Emporium.
  5547 | D:7      | Bought a cursed +0 medium shield for 42 gold pieces
  5660 | D:8      | Noticed an angel
  5661 | D:8      | Found a shimmering altar of Xom.
  5661 | D:8      | Found a glowing silver altar of Zin.
  5726 | D:8      | Found a stormy altar of Qazlal.
  5897 | D:8      | Found Bitosur's Magic Scroll Emporium.
  5906 | D:8      | Bought a scroll of teleportation for 33 gold pieces
  5930 | D:8      | Noticed Grum
  5941 | D:8      | Killed Grum
  5952 | D:8      | Reached skill level 1 in Shields
  5994 | D:8      | Reached skill level 7 in Short Blades
  6127 | D:8      | Reached XP level 10. HP: 43/78 MP: 18/18
  6326 | D:8      | Found a shattered altar of Ashenzari.
  6415 | D:8      | Noticed Erica
  6417 | D:8      | Killed Erica
  6425 | D:8      | Found a runed translucent gate.
  6426 | D:8      | Noticed Morbidden's ghost (novice FrFE)
  6428 | D:8      | Found a runed translucent gate.
  6428 | D:8      | Found a runed translucent gate.
  6431 | D:8      | Identified the +2 short sword of Grandeur {chaos, +Inv
                  | Int+2 Stlth+}
  6558 | D:9      | Found Mieniuph's Book Boutique.
  6587 | D:9      | Reached ***** piety under Demigod
  6630 | D:9      | Noticed a two-headed ogre
  6638 | D:9      | Killed a two-headed ogre
  6686 | D:9      | Found a flagged portal.
  6713 | Bailey   | Entered a bailey
  6982 | Bailey   | Reached skill level 1 in Long Blades
  7133 | Bailey   | Gained mutation: Scrolls take you a little longer to read.
                  | [potion of mutation]
  7133 | Bailey   | Gained mutation: Armour fits poorly on your strangely
                  | shaped body. [potion of mutation]
  7133 | Bailey   | Lost mutation: Scrolls take you a little longer to read.
                  | [potion of mutation]
  7133 | Bailey   | Gained mutation: Your skin changes colour to match your
                  | surroundings (Stealth+). [potion of mutation]
  7350 | D:9      | Reached skill level 8 in Short Blades
  7424 | D:9      | Reached XP level 11. HP: 62/85 MP: 20/20
  7472 | D:9      | Found a sacrificial altar of Ru.
  7577 | D:9      | Noticed a two-headed ogre
  7580 | D:9      | Killed a two-headed ogre
  7656 | D:9      | Found a staircase to the Lair.
  7702 | D:9      | Reached skill level 5 in Fighting
  7740 | D:9      | Learned a level 4 spell: Tree Form
  7747 | D:9      | Learned a level 6 spell: Statue Form
  8233 | Lair:1   | Entered Level 1 of the Lair of Beasts
  8264 | Lair:1   | Got a vibrating ivory ring
  8266 | Lair:1   | Identified the ring "Leneedub" {rElec Stlth--} (You found
                  | it on level 1 of the Lair of Beasts)
  8297 | Lair:1   | Noticed a five-headed hydra
  8308 | Lair:1   | Killed a five-headed hydra
  8483 | Lair:1   | Noticed a fire dragon
  8521 | Lair:1   | Killed a fire dragon
  8522 | Lair:1   | Reached skill level 1 in Hexes
  8739 | Lair:1   | Reached skill level 5 in Armour
  8739 | Lair:1   | Reached skill level 1 in Transmutations
  8744 | Lair:1   | Noticed a four-headed hydra
  8751 | Lair:1   | Killed a four-headed hydra
  8752 | Lair:1   | Reached skill level 1 in Earth Magic
  9275 | Lair:2   | Found a runed translucent door.
  9276 | Lair:2   | Noticed yrara's ghost (journeyman DsFi)
  9650 | Lair:2   | Reached XP level 12. HP: 77/94 MP: 22/22
  9824 | Lair:3   | Found a staircase to the Snake Pit.
  9836 | Lair:3   | Reached ****** piety under Demigod
  9967 | Lair:3   | Found a staircase to the Shoals.
 10006 | Lair:3   | Got a masterwork chain mail
 10007 | Lair:3   | Identified the +1 chain mail of the Depths {rElec Dex+2}
                  | (You found it on level 3 of the Lair of Beasts)
 10092 | Lair:3   | Identified the Papyrus of Poison
 10130 | Lair:3   | Reached skill level 9 in Short Blades
 10876 | Lair:4   | Learned a level 5 spell: Venom Bolt
 10948 | Lair:4   | Got an ancient chain mail
 10949 | Lair:4   | Identified the +0 chain mail "Ubbipus" {rC- rCorr Str+6
                  | Int-3} (You found it on level 4 of the Lair of Beasts)
 11069 | Lair:4   | Noticed a death yak
 11070 | Lair:4   | Noticed a death yak
 11072 | Lair:4   | Noticed a death yak
 11072 | Lair:4   | Noticed a death yak
 11073 | Lair:4   | Noticed a death yak
 11073 | Lair:4   | Noticed a death yak
 11086 | Lair:4   | Killed a death yak
 11097 | Lair:4   | Killed a death yak
 11104 | Lair:4   | Killed a death yak
 11105 | Lair:4   | Reached skill level 1 in Conjurations
 11115 | Lair:4   | Killed a death yak
 11116 | Lair:4   | Reached skill level 1 in Poison Magic
 11124 | Lair:4   | Killed a death yak
 11125 | Lair:4   | Reached skill level 5 in Spellcasting
 11398 | Lair:4   | Killed a death yak
 11605 | Lair:4   | Noticed Rupert
 11635 | Lair:4   | Killed Rupert
 11636 | Lair:4   | Reached XP level 13. HP: 98/102 MP: 22/24
 12123 | Lair:5   | Found a runed translucent gate.
 12126 | Lair:5   | Found a runed translucent gate.
 12126 | Lair:5   | Noticed Turtleman12345's ghost (journeyman FrAE)
 12127 | Lair:5   | Found a runed translucent gate.
 12673 | Lair:5   | Noticed Josephine
 12693 | Lair:5   | Killed Josephine
 12694 | Lair:5   | Reached skill level 5 in Throwing
 13121 | Lair:5   | Found a viscous altar of Jiyva.
 13821 | Lair:6   | Entered Level 6 of the Lair of Beasts
 14029 | Lair:6   | Learned a level 4 spell: Airstrike
 14136 | Lair:6   | Reached XP level 14. HP: 22/111 MP: 22/26
 14147 | Lair:6   | HP: 2/166 [yak (8)]
 14292 | Lair:6   | Identified the ring "Itreukal" {rPois rN+ Str+3 Dex-3
                  | Stlth+} (You acquired it on level 6 of the Lair of Beasts)
 14344 | Lair:6   | Reached skill level 1 in Air Magic
 14415 | Lair:6   | Reached skill level 5 in Shields
 14706 | Lair:6   | Reached skill level 10 in Short Blades
 15213 | Lair:6   | Got a scintillating brass ring
 15214 | Lair:6   | Identified the cursed ring "Icelidad" {Fire rElec} (You
                  | found it on level 6 of the Lair of Beasts)
 15284 | Lair:6   | Found a viscous altar of Jiyva.
 15285 | Lair:6   | Found a staircase to the Slime Pits.
 16478 | D:10     | Entered Level 10 of the Dungeon
 16625 | D:10     | Reached skill level 5 in Long Blades
 16878 | D:10     | Found Zeatz's Book Boutique.
 16888 | D:10     | Bought a manual of Short Blades for 1545 gold pieces
 17085 | D:10     | Noticed Psyche
 17092 | D:10     | Killed Psyche
 17531 | D:11     | Found a staircase to the Orcish Mines.
 18068 | D:12     | Entered Level 12 of the Dungeon
 18115 | D:12     | Found Giasu's General Store.
 18158 | D:12     | Noticed Jorgrun
 18188 | D:12     | Killed Jorgrun
 18479 | D:12     | Identified the ring of Paxiuser {Ice +Inv, pickup} (You
                  | found it on level 12 of the Dungeon)
 18614 | D:12     | Reached XP level 15. HP: 90/118 MP: 28/28
 18703 | D:12     | Found a gate to the Vaults.
 18964 | D:12     | Noticed a fire giant
 18965 | D:12     | Found a staircase to the Depths.
 19480 | D:12     | Killed a fire giant
 19681 | Orc      | Entered the Orcish Mines
 19681 | Orc      | Found a staircase to the Elven Halls.
 19787 | Orc      | Demolished by an ettin

Skill      XL: |  1  2  3  4  5  6  7  8  9 10 11 12 13 14 |
---------------+-------------------------------------------+-----
Fighting       | 1 2 3 4 5 6 7 |  7.7
Dodging        | 3 4 5 6 7 8 |  8.5
Invocations    | 1 2 3 4 5 6 7 8 9 |  9.5
Short Blades   | 1 2 3 4 5 7 8 9 10 | 10.3
Armour         | 1 2 3 4 5 6 7 8 |  8.3
Spellcasting   | 1 2 3 4 5 6 |  6.3
Throwing       | 1 3 4 5 |  5.9
Stealth        | 4 5 6 7 8 9 |  9.3
Shields        | 1 2 3 4 5 |  5.7
Long Blades    | 1 2 3 4 5 |  5.3
Hexes          | 1 3 4 |  4.6
Transmutations | 1 2 3 4 |  4.4
Earth Magic    | 1 2 3 |  3.4
Conjurations   | 1 2 3 |  3.9
Poison Magic   | 1 2 |  2.4
Air Magic      | 2 |  2.7
Maces & Flails | |  0.8

Action                   |  1- 3 |  4- 6 |  7- 9 | 10-12 | 13-15 || total
-------------------------+-------+-------+-------+-------+-------++-------
Melee: Dagger            |   167 |    90 |   247 |   507 |  1106 ||  2117
       Unarmed           |     4 |       |       |       |       ||     4
 Fire: Blowgun           |       |     3 |     1 |     2 |       ||     6
Throw: Tomahawk          |    12 |     7 |     1 |    61 |    31 ||   112
 Cast: Tree Form         |       |       |       |       |    14 ||    14
Invok: Heroism           |       |       |       |     2 |     1 ||     3
       Divine Shield     |       |       |       |     1 |       ||     1
Evoke: Wand              |       |       |       |       |     1 ||     1
       Lamp of fire      |       |       |       |       |     1 ||     1
  Use: Potion            |     1 |       |       |     8 |     1 ||    10
       Scroll            |       |     2 |     4 |    17 |     6 ||    29
 Stab: Sleeping          |     4 |     4 |    13 |    16 |    19 ||    56
       Distracted        |       |       |       |     2 |     1 ||     3
  Eat: Chunk             |     6 |     7 |    14 |    39 |    36 ||   102
       Ration            |       |       |       |       |     1 ||     1
Armor: Robe              |    84 |    15 |    17 |       |       ||   116
       Leather armour    |       |       |    33 |    70 |       ||   103
       Fire dragon scale |       |       |       |    54 |   239 ||   293
       Skin              |       |       |       |     5 |   245 ||   250
Dodge: Dodged            |   133 |    53 |   120 |   243 |   340 ||   889
Block: Other             |       |       |       |     4 |       ||     4
       Buckler           |       |       |       |       |    19 ||    19
